 Dungeon Crawl Stone Soup version 0.18.1-50-g88ac8fd (webtiles) character file.

187 cedor the Grave Robber (level 5, -10/35 HPs)
             Began as a Demonspawn Necromancer on Oct 20, 2016.
             Was an Initiate of Okawaru.
             Mangled by an ogre
             ... wielding a +0 giant club
              (21 damage)
             ... on level 5 of the Dungeon.
             The game lasted 00:30:23 (2981 turns).

cedor the Grave Robber (Demonspawn Necromancer)     Turns: 2981, Time: 00:30:23

Health: -10/35     AC:  3    Str:  9    XL:     5   Next: 39%
Magic:  4/8        EV: 13    Int: 17    God:    Okawaru [......]
Gold:   145        SH:  0    Dex: 13    Spells: 3 memorised, 4 levels left

rFire  . . .     SeeInvis .     n - +2 short sword (flame)
rCold  . . .     Gourm    .     a - +0 robe
rNeg   . . .     Faith    .     (no shield)
rPois  .         Spirit   .     (no helmet)
rElec  .         Dismiss  +     f - +0 cloak
rCorr  .         Reflect  .     (no gloves)
SustAt .         Harm     .     (no boots)
MR     .....                    q - amulet of dismissal
Stlth  ++........               (no ring)
                                h - ring of wizardry

@: not resistant to hostile enchantments, unstealthy
A: powered by death 2, rot immunity
a: Renounce Religion


You were on level 5 of the Dungeon.
You worshipped Okawaru.
Okawaru was noncommittal.
You were not hungry.

You visited 2 branches of the dungeon, and saw 6 of its levels.

You collected 145 gold pieces.


Innate Abilities, Weirdness & Mutations

You regenerate health from kills.
You are immune to rotting.


   Skills:
 + Level 3.2 Dodging
 - Level 3.0 Stealth
 + Level 2.5 Spellcasting
 + Level 5.5 Necromancy


You had 4 spell levels left.
You knew the following spells:

 Your Spells              Type           Power        Failure   Level  Hunger
g - Regeneration          Chrm/Necr      ##........   9%          3    ###....
z - Pain                  Necr           ###.         1%          1    #......
Z - Animate Skeleton      Necr           N/A          1%          1    #......

Inventory:

Hand Weapons
 j - a +0 club
 n - a +2 short sword of flaming (weapon)
Missiles
 d - 4 tomahawks (quivered)
 s - a throwing net {=f}
Armour
 a - a +0 robe (worn)
 f - a +0 cloak (worn)
Jewellery
 h - a ring of wizardry (left hand)
 q - an amulet of dismissal (around neck)
Wands
 g - a wand of digging (4/24)
 k - a wand of slowing (17/48)
Scrolls
 e - 2 scrolls of teleportation {@r4}
 t - a scroll of fog
 u - a scroll of remove curse {unknown}
Potions
 i - a potion of haste {unknown}
 o - 3 potions of curing {unknown}
 p - a potion of resistance {unknown}
 r - a potion of invisibility {unknown}
Books
 b - a book of Necromancy

   Spells                             Type                      Level
   a - Pain                           Necromancy                   1
   b - Animate Skeleton               Necromancy                   1
   c - Vampiric Draining              Necromancy                   3
   d - Regeneration                   Charms/Necromancy            3
   e - Animate Dead                   Necromancy                   4
   f - Control Undead                 Necromancy                   4
Comestibles
 c - 3 bread rations
 l - a royal jelly

Dungeon Overview and Level Annotations

Branches:
Dungeon (5/15)             Temple (1/1) D:5

Altars:
Cheibriados
Gozag
Kikubaaqudgha
Makhleb
Nemelex Xobeh
Okawaru
Pakellas
Qazlal
Ru
Sif Muna
Xom
Zin
The Shining One
Jiyva

Annotations:
D:3 Thomus's ghost, amateur HOFi
D:4 exclusion: ice beast, Eustachio

...........▒
▒..........▒
...+..........+
...▒.......(..▒▒ ▒▒
...▒......<..... .▒
...▒..........▒ .▒ ...▒
▒.▒▒▒▒▒▒▒▒.▒ ...▒
▒▒........▒'▒▒▒▒▒
...▒▒▒▒........O6.....▒
...'...........5.....£+
...▒▒▒▒...............▒
▒▒.▒ ▒...............▒
▒.▒ ▒...............▒
▒▒+▒▒▒▒...............▒
......'...............▒
....▒ ▒...............▒
....▒ .......


You could see an ogre and a crimson imp.


Message History

Aiming: Pain
Press: ? - help, Shift-Dir - straight line, f/p - ogre
Aim: an ogre, wielding a giant club (lightly wounded, chance to defeat MR: 80%)
The ogre convulses in agony!
Casting: Pain
Confirm with . or Enter, or press ? or * to list all spells.
Aiming: Pain
Press: ? - help, Shift-Dir - straight line, f/p - ogre
Aim: an ogre, wielding a giant club (lightly wounded, chance to defeat MR: 80%)
The ogre convulses in agony!
Casting: Pain
Confirm with . or Enter, or press ? or * to list all spells.
Aiming: Pain
Press: ? - help, Shift-Dir - straight line, f/p - ogre
Aim: an ogre, wielding a giant club (lightly wounded, chance to defeat MR: 80%)
The ogre convulses in agony!
Casting: Pain
Confirm with . or Enter, or press ? or * to list all spells.
Aiming: Pain
Press: ? - help, Shift-Dir - straight line, f/p - ogre
Aim: an ogre, wielding a giant club (moderately wounded, chance to defeat MR: 80%)
The ogre convulses in agony!
You hear the brisk rusting of a very distant drain.
The ogre hits you with a giant club!!
Ouch! That really hurt!
* * * LOW HITPOINT WARNING * * *
Found 9 gold pieces.
You open the door. The ogre hits you with a giant club!!
Ouch! That really hurt!
You die...

Action                   |  1- 3 |  4- 6 || total
-------------------------+-------+-------++-------
Melee: Club              |    18 |       ||    18
       Unarmed           |     1 |       ||     1
       Short sword       |    11 |    99 ||   110
 Cast: Pain              |    47 |    49 ||    96
       Animate Skeleton  |     6 |     6 ||    12
       Regeneration      |       |     1 ||     1
Evoke: Wand              |       |     2 ||     2
  Use: Scroll            |     2 |     4 ||     6
       Potion            |     1 |     1 ||     2
 Stab: Sleeping          |     1 |     6 ||     7
       Distracted        |       |     1 ||     1
  Eat: Chunk             |     1 |     1 ||     2
       Bread ration      |       |     2 ||     2
Armor: Robe              |     6 |    14 ||    20
Dodge: Dodged            |    35 |    79 ||   114

Vault maps used:
D:1:      mainiacjoe_arrival_reflecting_pool, grunt_decor_arrowhead,
          minivault_4, kennysheep_another_room
D:2:      elyvilon_altar_4, feat_on_display
D:3:      grunt_temple_overflow_diamond, lemuel_crystal_altar,
          roderic_nine_men_s_morris
D:4:      nicolae_overflow_crystal_walls, vehumet_crystals,
          lightli_temple_of_fire, first_bread, uniq_eustachio
D:5:      minmay_temple_entry_glassed_door, portal_sewer_entry_e, uniq_pikel,
          uniq_prince_ribbit1, uniq_grinder
Temple:   pf_slimified_temple

Notes
Turn   | Place    | Note
--------------------------------------------------------------
     0 | D:1      | cedor the Demonspawn Necromancer began the quest for the Orb.
     0 | D:1      | Reached XP level 1. HP: 13/13 MP: 3/3
    57 | D:1      | Reached skill level 2 in Dodging
    57 | D:1      | Reached skill level 2 in Stealth
   178 | D:1      | Learned a level 1 spell: Animate Skeleton
   197 | D:1      | Gained mutation: You regenerate a little health from kills. [demonic ancestry]
   197 | D:1      | Reached XP level 2. HP: 17/19 MP: 0/5
   614 | D:3      | Found an ancient bone altar of Kikubaaqudgha.
   670 | D:3      | Found a glowing silver altar of Zin.
   676 | D:3      | Found a sacrificial altar of Ru.
   679 | D:3      | Found a stormy altar of Qazlal.
   745 | D:3      | Gained mutation: You regenerate health from kills. [demonic ancestry]
   745 | D:3      | Reached XP level 3. HP: 24/24 MP: 2/6
   786 | D:3      | Noticed Thomus's ghost (amateur HOFi)
   889 | D:3      | Learned a level 3 spell: Regeneration
   935 | D:4      | Noticed an ice beast
  1040 | D:4      | HP: 2/24 [worker ant (7)]
  1042 | D:4      | Reached skill level 5 in Necromancy
  1078 | D:4      | Gained mutation: You are immune to rotting. [demonic ancestry]
  1078 | D:4      | Reached XP level 4. HP: 28/30 MP: 0/7
  1135 | D:4      | HP: 2/30 [orc priest/divine providence (10)]
  2096 | D:2      | Reached skill level 3 in Stealth
  2114 | D:2      | Reached skill level 3 in Dodging
  2258 | D:4      | Reached XP level 5. HP: 26/35 MP: 4/8
  2386 | D:4      | Found a deep blue altar of Sif Muna.
  2504 | D:4      | Noticed Eustachio
  2519 | D:5      | Entered Level 5 of the Dungeon
  2523 | D:5      | Noticed a centaur
  2524 | D:5      | Found a staircase to the Ecumenical Temple.
  2562 | Temple   | Entered the Ecumenical Temple
  2826 | Temple   | Became a worshipper of Warmaster Okawaru
  2955 | D:5      | Noticed a phantom
  2966 | D:5      | Noticed an ogre
  2981 | D:5      | Mangled by an ogre

Vanquished Creatures
  A centaur skeleton (D:4)
  A worker ant (D:4)
  2 gnolls (D:4)
  5 adders
  4 worms
  3 dart slugs
  8 orcs
  6 bats
  4 giant cockroaches
  2 goblins
  2 hobgoblins
  4 jackals
  A ball python (D:1)
  2 giant newts
  A kobold (D:1)
  7 rats
53 creatures vanquished.

Vanquished Creatures (collateral kills)
  An orc (D:3)
1 creature vanquished.

Grand Total: 54 creatures vanquished
